 Dungeon Crawl Stone Soup version 0.32-a0-18-g89e19f1974 (webtiles) character file.

Game seed: 1074775113786743913

32 snarfax the Ducker (level 3, -1/16 HPs)
             Began as a Spriggan Conjurer on Jan 16, 2024.
             Killed by divine providence
             ... invoked by an orc priest
              (15 damage)
             ... on level 3 of the Dungeon.
             The game lasted 00:03:53 (1626 turns).

snarfax the Ducker (Spriggan Conjurer)              Turns: 1626, Time: 00:03:54

Health: -1/16      AC:  2    Str:  3    XL:     3   Next: 10%
Magic:  6/8        EV: 17    Int: 21    God:
Gold:   86         SH:  0    Dex: 13    Spells: 5/8 levels left

rFire   . . .        c - +0 dagger
rCold   . . .        (no shield)
rNeg    . . .        a - +0 robe
rPois   .            (helmet restricted)
rElec   .            (no cloak)
rCorr   .            (gloves unavailable)
SInv    +            (boots unavailable)
Will    .....        (no amulet)
Stlth   ++           (no ring)
HPRegen 0.22/turn    (no ring)
MPRegen 0.11/turn

%: no passive effects
@: very quick
A: very small, no large weapons, unfitting armour, see invisible, speed 3
a: no special abilities


You were on level 3 of the Dungeon.
You visited 1 branch of the dungeon, and saw 3 of its levels.

You collected 86 gold pieces.

Inventory:

Hand Weapons
 c - a +0 dagger (weapon)
Missiles
 i - 4 poisoned darts
Armour
 a - a +0 robe (worn)
Scrolls
 e - a scroll of teleportation
 f - 2 scrolls of amnesia {unknown}
 h - a scroll of fear {unknown}
Potions
 b - a potion of magic
 d - 2 potions of brilliance
 g - 4 potions of heal wounds
 j - 2 potions of attraction {unknown}


   Skills:
 + Level 0.0 Short Blades
 + Level 3.5 Dodging
 - Level 3.0 Stealth
 + Level 3.4 Spellcasting
 + Level 3.2 Conjurations


You had 5 spell levels left.
You knew the following spells:

 Your Spells              Type           Power      Damage    Failure   Level
a - Magic Dart            Conj           68%        1d6       3%          1
b - Searing Ray           Conj           34%        2d5       4%          2

Your spell library contained the following spells:

 Spells                   Type           Power      Damage    Failure   Level
 Ensorcelled Hibernation  Hex/Ice        6%         N/A       19%         2
 Passwall                 Erth           3%         N/A       36%         3
 Swiftness                Air            3%         N/A       36%         3
 Fulminant Prism          Conj/Alch      5%         3d6       54%         4
 Iskenderun's Mystic Bla  Conj/Tloc      10%        2d4       54%         4


Dungeon Overview and Level Annotations

Branches:
Dungeon (3/15)

Altars:


Innate Abilities, Weirdness & Mutations

You are very small and have problems with some larger weapons.
You are too small for most types of armour.
You have supernaturally acute eyesight. (SInv)
You cover ground extremely quickly. (Speed+++)


Message History

No target in view!
Done exploring.
Done exploring.
Done exploring.
What level of the Dungeon? (default 2, ? - help)
There is a stone staircase leading down here.
You climb downwards.
There is a stone staircase leading up here.
You open the door.
There is an open door here.
f - 2 scrolls labelled SEYREWNIKI (gained 1) 2 orcs and an orc priest come into view.
Found a ruby potion.
Found a brown potion.
The helpless orc fails to defend itself.
You puncture the orc!
You kill the orc!
Things that are here:
a +0 hand axe; a +0 ring mail; an orc corpse A hobgoblin comes into view.
The helpless orc priest fails to defend itself.
You puncture the orc priest!
The orc priest is heavily wounded.
The orc priest barely misses you.
You hit the orc priest but do no damage.
The orc priest is heavily wounded.
The hobgoblin shouts!
The orc shouts!
The orc priest hits you with a +0 dagger.
Casting: Magic Dart (safe; 3% risk of failure)
Confirm with . or Enter, or press ? or * to list all spells.
Aiming: Searing Ray (safe; 4% risk of failure)
Press: ? - help, Shift-Dir - straight line, f - orc priest
Aim: an orc priest, wielding a +0 dagger and wearing a +0 scale mail (heavily wounded, 81% to hit)
The searing ray hits the orc priest but does no damage.
The orc priest is heavily wounded. (Press . to maintain the ray.)
The orc priest calls down the wrath of Beogh upon you.
Beogh smites you!
Ouch! That really hurt!
You die...

##...## #!#
##.....## #g##
#.......## #..##
.........####...##
.........+......!#
........<# #...#
#.......## #.)##
##.....## #o#####
##...## #...@.#
##'## #####.# #.#
#.# #.# ########.#
##.## #......#.#
###...##
#........#
.......#
#..###.###
##....## #..# #.#
#.#.#####..# #.#


You could see an orc priest.

Vanquished Creatures
  A ribbon worm (D:2)
  An orc (D:3)
  5 endoplasms
  2 giant cockroaches
  5 goblins
  5 hobgoblins
  2 kobolds
  2 frilled lizards (D:1)
  2 rats
25 creatures vanquished.

Notes
Turn   | Place    | Note
-------+----------+-------------------------------------------
     0 | D:1      | snarfax the Spriggan Conjurer began the quest for the Orb.
     0 | D:1      | Reached XP level 1. HP: 9/9 MP: 5/5
    87 | D:1      | Found Zeden's Jewellery Shop.
    95 | D:1      | Found a faded altar of an unknown god.
   295 | D:1      | Reached XP level 2. HP: 13/13 MP: 2/7
   298 | D:1      | Learned a level 2 spell: Searing Ray
  1327 | D:2      | Reached XP level 3. HP: 16/16 MP: 8/8
  1626 | D:3      | Killed from afar by an orc priest

Illustrated notes

Levels and vault maps discovered:
D:1:      psy_arrival_statuary, layout_basic,
          hellmonk_ecumenical_altar_arch_garden, serial_shops,
          nicolae_shop_stone
D:2:      layout_loops_ring, columned_hall_lemuel
D:3:      layout_loops_corners, nicolae_ru_awakened_eye, serial_shops,
          nicolae_shop_back_alley_shop, kennysheep_boxes

Skill      XL: |  1 |
---------------+----+-----
Conjurations   | 3 |  3.2
Dodging        | 3 |  3.5
Spellcasting   | 3 |  3.4
Stealth        | |  3.0

Action                     || total
---------------------------++-------
  Melee: Dagger            ||    58
   Cast: Magic Dart        ||    39
         Searing Ray       ||     2
    Use: Scroll            ||     3
   Stab: Sleeping          ||     4
 Armour: Robe              ||    13
  Dodge: Dodged            ||    37

Table legend: (Time is in decaauts)
 A = Elapsed time spent in this place.
 B = Non-inter-level travel time spent in this place.
 C = Inter-level travel time spent in this place.
 D = Time resting spent in this place.
 E = Time spent auto-exploring this place.
 F = Levels seen in this place.
 G = Mean time per level.
                   A        B        C        D        E       F      G
               +--------+--------+--------+--------+--------+-----+--------+
         Total |   1186 |   1163 |     23 |     54 |    909 |   3 |  395.3 |
       Dungeon |   1186 |   1163 |     23 |     54 |    909 |   3 |  395.3 |
               +--------+--------+--------+--------+--------+-----+--------+

Top non-repeatable levels by time:
     D:1: 597 daAuts
     D:2: 551 daAuts
     D:3: 36 daAuts
